 Dungeon Crawl Stone Soup version 0.26-a0-949-ga0cc1ef5f6 (webtiles) character file.

Game seed: 1579933589456655300

1829 marklar909 the Ruffian (level 8, -1/78 HPs)
             Began as a Troll Monk on Nov 29, 2020.
             Was an Initiate of Ru.
             Slain by an orc wizard
             ... wielding a +0 dagger
              (2 damage)
             ... on level 6 of the Dungeon.
             The game lasted 00:07:05 (3922 turns).

marklar909 the Ruffian (Troll Monk)                 Turns: 3922, Time: 00:07:05

Health: -1/78      AC:  8    Str: 20    XL:     8   Next: 86%
Magic:  7/7        EV: 12    Int:  6    God:    Ru [......]
Gold:   299        SH:  0    Dex: 14    Spells: 7/7 levels left

rFire    . . .     SeeInvis +   q - +0 giant spiked club
rCold    . . .     Faith    .   (shield currently unavailable)
rNeg     . . .     Spirit   .   a - +0 robe
rPois    +         Reflect  .   (helmet restricted)
rElec    .         Harm     .   m - +1 cloak
rCorr    .         Rampage  .   (gloves unavailable)
MR       .....                  (boots unavailable)
Stlth    ..........             (no amulet)
HPRegen  0.63/turn              k - ring of poison resistance
MPRegen  0.10/turn              o - ring of see invisible

@: confused
A: large, unfitting armour, claws 3, regeneration 1, shaggy fur 1, tough skin 3,
no stealth
a: Renounce Religion


You were on level 6 of the Dungeon.
You worshipped Ru.
Ru was noncommittal.
You visited 1 branch of the dungeon, and saw 6 of its levels.

You collected 299 gold pieces.

Inventory:

Hand Weapons
 f - a +0 mace
 q - a +0 giant spiked club (weapon)
Missiles
 i - 3 large rocks (quivered)
Armour
 a - a +0 robe (worn)
 m - a +1 cloak (worn)
 n - a +0 kite shield
Jewellery
 k - a ring of poison resistance (left claw)
 o - a ring of see invisible (right claw)
 u - a +4 ring of evasion {unknown}
Wands
 x - a wand of polymorph (8)
Scrolls
 c - 4 scrolls of teleportation
 d - 4 scrolls of identify
 t - a scroll of remove curse
 v - a scroll of enchant weapon {unknown}
Potions
 b - 3 potions of degeneration
 e - a potion of might
 g - a potion of curing
 h - 2 potions of cancellation
 j - a potion of flight {unknown}
 l - a potion of mutation {unknown}
 p - a potion of lignification {unknown}
 r - 3 potions of haste {unknown}
 s - a potion of brilliance {unknown}
 w - a potion of heal wounds {unknown}


   Skills:
 * Level 4.1 Fighting
 * Level 4.8 Maces & Flails
 * Level 3.0 Throwing
 * Level 5.3 Dodging
 * Level 2.5 Shields
 - Level 5.9 Unarmed Combat


You had 7 spell levels left.
You didn't know any spells.
Your spell library was empty.

Dungeon Overview and Level Annotations

Branches:
Dungeon (6/15)             Temple (0/1) D:4

Altars:
Elyvilon
Fedhas
Ru
Wu Jian

Shops:
D:5 (

Annotations:
D:6 Eustachio


Innate Abilities, Weirdness & Mutations

You are too large for most types of armour.
You have claws for hands.
Your natural rate of healing is unusually fast.
You are covered in fur. (AC +1)
You have extremely tough skin. (AC +3)
You cannot be stealthy.


Message History

The orc wizard barely misses you.
The white imp hits you but does no damage.
The orc wizard completely misses you. The orc hits you but does no damage.
The rat misses you.
You miss Eustachio.
Eustachio is severely wounded.
The shadow imp barely misses you.
The orc wizard points at you and mumbles some strange words.
You are confused.
Eustachio misses you. The white imp hits you.
* * * LOW HITPOINT WARNING * * *
The white imp freezes you.
* * * LOW HITPOINT WARNING * * *
The orc wizard closely misses you. The orc barely misses you.
The rat bites you but does no damage. The shadow imp misses you.
The orc wizard mumbles some strange words.
The orc wizard flickers and vanishes for a moment.
Eustachio gestures wildly while chanting.
The orc wizard hits you with a +0 dagger.
You die...

......†.....##
........#####
........).##
....<......#
...........##
............##
.......5.....#
......@r5...##
....br5@o...#
.......oo...#
.......<....#
............#
#...........###
###...........#
##.......#†...#
##......##...#
##.....# ...#


You could see Eustachio, 2 orc wizards, a quasit (summoned), a river rat
(summoned), a white imp (summoned), a shadow imp (summoned), an orc, a bat
(summoned) and a rat (summoned).

Vanquished Creatures
  Grinder (D:6)
  An ice beast (D:5)
  2 phantoms (D:4)
  A sky beast (D:6)
  2 ogres
  Blork the orc (D:4)
  4 wights (D:5)
  A howler monkey (D:6)
  4 orc priests (D:4)
  2 hounds (D:4)
  3 orc wizards
  A gnoll shaman (D:4)
  A bullfrog skeleton (D:5)
  2 iguanas (D:5)
  6 worker ants
  A hound skeleton (D:4)
  A howler monkey skeleton (D:4)
  7 gnolls
  9 adders
  A white imp (D:5)
  An ufetubus (D:5)
  An ooze (D:1)
  An adder skeleton (D:5)
  A worm (D:2)
  3 dart slugs
  4 leopard geckos
  23 orcs
  10 bats
  8 giant cockroaches
  9 hobgoblins
  2 jackals (D:1)
  A quokka (D:5)
  8 frilled lizards
  9 goblins
  8 kobolds
  2 quokka skeletons
  5 rats
147 creatures vanquished.

Vanquished Creatures (others)
  A plant (D:3)
1 creature vanquished.

Grand Total: 148 creatures vanquished

Notes
Turn   | Place    | Note
-------+----------+-------------------------------------------
     0 | D:1      | marklar909 the Troll Monk began the quest for the Orb.
     0 | D:1      | Reached XP level 1. HP: 22/22 MP: 0/0
   120 | D:1      | Reached XP level 2. HP: 29/29 MP: 1/1
   487 | D:1      | Reached XP level 3. HP: 29/36 MP: 2/2
   832 | D:2      | Found an ornate altar of the Wu Jian Council.
   964 | D:2      | Reached XP level 4. HP: 44/44 MP: 3/3
  1287 | D:2      | Found a white marble altar of Elyvilon.
  1319 | D:2      | Reached XP level 5. HP: 52/52 MP: 4/4
  1895 | D:3      | Found a sacrificial altar of Ru.
  2034 | D:3      | Became a worshipper of Ru the Awakened
  2043 | D:3      | Gained mutation: You cannot be stealthy. [Ru sacrifice]
  2073 | D:4      | Reached skill level 1 in Throwing
  2073 | D:4      | Reached XP level 6. HP: 61/61 MP: 5/5
  2083 | D:4      | Noticed Blork the orc
  2107 | D:4      | Reached skill level 1 in Maces & Flails
  2113 | D:4      | Killed Blork the orc
  2359 | D:4      | Reached skill level 1 in Shields
  2359 | D:4      | Reached skill level 5 in Unarmed Combat
  2470 | D:4      | Reached XP level 7. HP: 67/67 MP: 6/6
  2557 | D:4      | Found a staircase to the Ecumenical Temple.
  2870 | D:5      | Entered Level 5 of the Dungeon
  2880 | D:5      | Reached XP level 8. HP: 65/76 MP: 7/7
  3125 | D:5      | Reached skill level 5 in Dodging
  3142 | D:5      | Found Uclem's Weapon Boutique.
  3311 | D:5      | Found a blossoming altar of Fedhas.
  3740 | D:6      | Noticed Grinder
  3745 | D:6      | Paralysed by Grinder for 7 turns
  3758 | D:6      | Killed Grinder
  3865 | D:6      | Noticed Eustachio
  3922 | D:6      | HP: 1/78 [white imp[Eustachio] (3)]
  3922 | D:6      | Slain by an orc wizard

Illustrated notes

Levels and vault maps discovered:
D:1:      minmay_arrival_shattered_statue, layout_basic
D:2:      layout_basic, overflow_temple_1_default,
          nicolae_overflow_crystal_walls
D:3:      layout_rooms, nicolae_ru_the_path_less_chosen
D:4:      layout_gridville, minmay_temple_entry_glass, uniq_blork_the_orc
D:5:      layout_loops_ring, fedhas_altar_fruit_tree, serial_shops,
          nicolae_shop_behind_doors
D:6:      layout_layer_cave, ebering_ghost_xom, minmay_liquid_box,
          bloody_makhleb, uniq_edmund, uniq_eustachio, uniq_pikel, uniq_grinder

Skill      XL: |  1  2  3  4  5  6  7  8 |
---------------+-------------------------+-----
Dodging        | 3 4 5 |  5.3
Unarmed Combat | 4 5 |  5.9
Fighting       | 3 4 |  4.1
Stealth        | 0 |  0.0
Throwing       | 1 2 3 |  3.0
Maces & Flails | 1 2 4 |  4.8
Shields        | 1 2 |  2.5

Action                   |  1- 3 |  4- 6 |  7- 9 || total
-------------------------+-------+-------+-------++-------
Melee: Unarmed           |   105 |   199 |    42 ||   346
       Punch             |     1 |       |     1 ||     2
       Giant spiked club |       |       |   158 ||   158
Throw: Large rock        |       |     7 |     3 ||    10
Invok: Sacrifice Stealth |       |     1 |       ||     1
  Use: Scroll            |       |       |     8 ||     8
       Potion            |       |       |     2 ||     2
 Stab: Sleeping          |       |     3 |       ||     3
Armor: Robe              |    40 |    77 |   123 ||   240
Dodge: Dodged            |    71 |   134 |   220 ||   425

Table legend: (Time is in decaauts)
 A = Elapsed time spent in this place.
 B = Non-inter-level travel time spent in this place.
 C = Inter-level travel time spent in this place.
 D = Time resting spent in this place.
 E = Time spent auto-exploring this place.
 F = Levels seen in this place.
 G = Mean time per level.
                   A        B        C        D        E       F      G
               +--------+--------+--------+--------+--------+-----+--------+
         Total |   4013 |   3741 |    272 |    213 |   2445 |   6 |  668.8 |
       Dungeon |   4013 |   3741 |    272 |    213 |   2445 |   6 |  668.8 |
               +--------+--------+--------+--------+--------+-----+--------+

Top non-repeatable levels by time:
     D:5: 977 daAuts
     D:4: 801 daAuts
     D:1: 757 daAuts
     D:2: 652 daAuts
     D:3: 647 daAuts
     D:6: 177 daAuts
